Map: Baie du Roi EC

Players

ZipperTheFly

  • Race: Terran Terran
  • Spawn Location: 11:00

ShaDoWn - Winner!

  • Race: Protoss Protoss
  • Spawn Location: 5:00

Event: 2019 WCS Spring

VOD

Have the link to the VOD?

Description

Time

  • Played on: May 17, 2019, 12:38 p.m.
  • Length: 15:09

All games in this series

Show
View Real Time Build Order
Export as new Build Order

ZipperTheFly Terran 

Build Orders: Banshee Rush 

Get SALT Encoding   

  12  0:00  SCV  
  13  0:12  SCV  
  14  0:18  Supply Depot  
  14  0:24  SCV  
  15  0:30  Refinery  
  15  0:39  SCV  
  16  0:47  Barracks  
  16  0:52  SCV  
  18  1:04  SCV  
  18  1:16  SCV  
  20  1:34  Reaper  
  20  1:40  Orbital Command  
  20  1:49  Bunker  
  20  1:52  Supply Depot  
  20  2:02  Factory  
  20  2:04  Refinery  
  20  2:05  Engineering Bay  
  20  2:09  Barracks Reactor  
  20  2:13  SCV  
  21  2:26  SCV  
  22  2:38  SCV  
  23  2:47  Command Center  
  23  2:50  Starport  
  23  2:53  SCV  
  23  2:56  Factory Tech Lab  
  24  3:00  Marine  
  24  3:03  Marine  
  26  3:06  SCV  
  27  3:15  Supply Depot  
  27  3:20  SCV  
  27  3:21  Factory Tech Lab  
  28  3:35  Cloaking Field  
  27  3:41  Banshee  
  30  3:49  Cyclone  
  30  3:53  SCV  
  34  4:00  Orbital Command  
  33  4:07  SCV  
  34  4:12  Marine x2  
  34  4:16  Mag-Field Accelerator  
  36  4:23  Cyclone  
  39  4:28  Orbital Command  
  39  4:31  SCV  
  39  4:34  Marine x2  
  41  4:38  Supply Depot  
  41  4:41  Viking  
  43  4:52  SCV, Marine x2  
  46  4:53  SCV  
  46  4:55  Cyclone  
  50  5:02  Supply Depot  
  50  5:04  SCV  
  51  5:10  SCV  
  52  5:14  Marine x2  
  52  5:15  Viking  
  56  5:24  SCV  
  56  5:28  SCV  
  58  5:29  Siege Tank  
  61  5:39  SCV  
  61  5:40  Supply Depot  
  61  5:42  Marine x2  
  64  5:45  Viking, SCV  
  64  5:51  SCV  
  65  5:57  SCV  
  65  5:59  Marine x2  
  68  6:04  Command Center  
  68  6:06  SCV  
  68  6:09  SCV  
  66  6:14  Siege Tank  
  68  6:23  SCV x2  
  70  6:28  Starport Reactor  
  70  6:32  Barracks  
  68  6:35  SCV x2  
  68  6:38  Stimpack  
  70  6:47  SCV, Barracks  
  70  6:51  SCV  
  67  7:00  SCV  
  66  7:01  Bunker  
  66  7:05  Bunker  
  64  7:13  Marine  
  64  7:14  Siege Tank  
  58  7:16  SCV  
  48  7:26  SCV  
  48  7:28  SCV, Orbital Command  
  48  7:29  Bunker  
  45  7:31  Marine  
  45  7:35  Refinery  
  46  7:38  SCV  
  47  7:45  SCV  
  47  7:49  Marine  
  47  7:50  SCV  
  50  7:55  SCV  
  50  7:57  Factory Reactor  
  51  8:02  Combat Shield  
  51  8:03  Marauder  
  53  8:06  Marine x2  
  53  8:07  Marauder  
  53  8:10  SCV  
  58  8:15  Barracks  
  58  8:17  SCV x2, Engineering Bay  
  58  8:18  Engineering Bay  
  58  8:19  Barracks  
  60  8:22  SCV  
  60  8:24  Marine x2  
  60  8:25  Marauder  
  65  8:29  Marauder, SCV  
  69  8:34  SCV  
  69  8:38  Medivac x2  
  69  8:40  Widow Mine x2  
  77  8:45  SCV  
  77  8:46  Marauder  
  77  8:47  Marine x2  
  82  8:49  Orbital Command, Refinery  
  82  8:53  SCV  
  83  8:58  Marauder  
  83  9:00  Supply Depot  
  83  9:01  Terran Infantry Weapons Level 1, Supply Depot  
  85  9:04  SCV  
  85  9:05  Terran Infantry Armor Level 1  
  85  9:06  Marine x2  
  88  9:15  SCV x2  
  88  9:17  Barracks Tech Lab, Barracks Reactor  
  90  9:18  SCV  
  90  9:23  Marauder x2  
  95  9:27  SCV x2  
  95  9:29  Refinery  
  95  9:30  SCV  
  98  9:32  Widow Mine x2  
  98  9:38  Marine x2, Ghost Academy  
  102  9:39  SCV x2  
  102  9:45  Supply Depot  
  106  9:46  SCV  
  106  9:47  Supply Depot  
  106  9:49  Marauder  
  109  9:57  SCV  
  109  9:58  Missile Turret  
  108  10:03  Marauder  
  106  10:10  Starport  
  106  10:11  Viking x2  
  106  10:12  SCV  
  106  10:13  SCV  
  110  10:19  Supply Depot  
  110  10:20  Supply Depot, Marine x3  
  113  10:27  Marauder x2  
  117  10:28  Factory Tech Lab  
  117  10:29  Marauder  
  117  10:34  Supply Depot  
  117  10:35  Supply Depot  
  119  10:38  Marine  
  119  10:39  Marine x2  
  119  10:41  Marine  
  123  10:47  Viking x2, Ghost  
  129  10:50  Viking  
  129  10:51  Viking  
  133  11:03  Armory  
  133  11:06  Refinery  
  133  11:07  Ghost  
  133  11:09  Marine x4  
  133  11:11  Ghost  
  137  11:19  Marauder  
  139  11:29  Viking x2  
  139  11:31  Viking  
  143  11:35  Viking  
  145  11:44  Supply Depot x2  
  145  11:49  Marine x3  
  145  11:50  Marauder, Marine  
  145  11:51  Marauder x2  
  145  11:53  Sensor Tower  
  155  12:07  Viking x2  
  159  12:08  Viking x2  
  159  12:12  Marauder  
  165  12:19  Command Center  
  165  12:21  Terran Infantry Weapons Level 2  
  165  12:33  Terran Infantry Armor Level 2  
  165  12:34  Marine x4  
  169  12:38  Supply Depot x2  
  168  12:45  Medivac x2  
  172  12:59  Ghost, Marine x2  
  174  13:10  Ghost x2  
  159  13:28  Marine x2  
  159  13:29  Marauder  
  159  13:34  SCV x2  
  161  13:35  Marine x2  
  161  13:39  Ghost  
  161  13:40  Marauder  
  156  13:49  Ghost  
  156  13:50  Marine x2  
  156  13:55  SCV x2  
  162  13:57  SCV  
  162  14:00  Ghost  
  163  14:07  SCV, Ghost  
  159  14:14  Medivac x2  
  161  14:19  SCV  
  161  14:21  Ghost  
  164  14:25  SCV  
  142  15:04  Command Center  
Show
View Real Time Build Order
Export as new Build Order

ShaDoWn Protoss - Winner!

Build Orders: Phoenix Opening 

Get SALT Encoding   

  12  0:00  Probe  
  13  0:13  Probe  
  14  0:18  Pylon  
  14  0:25  Probe  
  15  0:33  Probe  
  15  0:38  Gateway  
  15  0:41  Probe  
  16  0:48  Assimilator  
  17  0:51  Probe  
  18  0:59  Pylon  
  18  1:03  Probe  
  19  1:15  Probe  
  19  1:17  Gateway  
  20  1:25  Cybernetics Core  
  20  1:29  Probe  
  21  1:34  Assimilator  
  21  1:41  Probe  
  22  1:53  Probe  
  23  1:54  Stalker x2  
  23  2:05  Probe  
  28  2:10  Warp Gate  
  28  2:16  Pylon  
  29  2:24  Adept  
  30  2:47  Nexus  
  30  2:50  Probe  
  31  3:02  Stargate  
  31  3:03  Probe  
  32  3:15  Probe  
  32  3:19  Gateway  
  33  3:28  Probe  
  34  3:37  Pylon  
  34  3:38  Phoenix  
  34  3:40  Probe  
  37  3:52  Probe  
  37  3:55  Gateway  
  38  4:03  Probe  
  38  4:05  Probe  
  40  4:10  Phoenix  
  40  4:11  Probe  
  40  4:13  Probe  
  43  4:20  Probe  
  43  4:21  Probe  
  45  4:26  Stalker x2  
  45  4:30  Probe  
  50  4:33  Probe  
  50  4:35  Sentry  
  54  4:38  Phoenix  
  54  4:42  Probe  
  57  4:46  Probe  
  57  4:48  Pylon  
  57  4:50  Assimilator  
  58  4:54  Probe  
  58  4:59  Probe  
  60  5:03  Oracle, Pylon  
  60  5:11  Pylon  
  60  5:16  Probe  
  60  5:17  Probe  
  59  5:29  Probe x2  
  61  5:40  Robotics Facility  
  61  5:41  Probe  
  63  5:49  Shield Battery  
  63  5:51  Nexus  
  63  5:55  Probe  
  63  5:56  Probe  
  64  6:07  Probe  
  64  6:09  Probe  
  66  6:14  Zealot x3  
  66  6:18  Twilight Council  
  72  6:19  Forge  
  72  6:34  Pylon  
  72  6:38  Stalker x3  
  71  6:56  Probe  
  71  6:59  Stalker x3  
  74  7:03  Immortal  
  74  7:07  Probe  
  78  7:09  Probe  
  78  7:13  Probe  
  70  7:18  Zealot x3, Probe  
  70  7:19  Probe  
  72  7:25  Probe  
  72  7:26  Probe  
  72  7:28  Probe  
  73  7:35  Robotics Bay, Probe  
  73  7:36  Probe  
  75  7:38  Probe  
  75  7:40  Sentry  
  75  7:42  Observer  
  81  7:45  Probe  
  81  7:47  Assimilator, Probe  
  81  7:50  Probe  
  81  7:51  Blink  
  84  7:53  Probe  
  84  7:56  Protoss Ground Weapons Level 1  
  85  7:59  Assimilator, Probe  
  85  8:02  Probe  
  85  8:03  Observer, Probe  
  89  8:08  Colossus, Pylon  
  89  8:11  Probe  
  90  8:14  Probe  
  90  8:19  Assimilator  
  91  8:21  Probe  
  91  8:26  Gateway  
  98  8:29  Gateway  
  98  8:30  Gateway  
  98  8:42  Probe  
  98  8:44  Colossus  
  99  8:54  Extended Thermal Lance  
  99  8:56  Nexus  
  99  8:58  Pylon  
  99  9:02  Sentry x2  
  109  9:10  Forge  
  109  9:11  Pylon  
  109  9:16  Probe x2  
  111  9:18  Observer  
  111  9:19  Pylon  
  111  9:24  Colossus  
  111  9:32  Pylon  
  111  9:33  Stalker x3  
  117  9:44  Gateway  
  117  9:45  Gateway  
  123  9:46  Pylon  
  123  9:48  Stalker x3  
  129  10:00  Protoss Ground Weapons Level 2  
  129  10:06  Stalker x3, Colossus  
  135  10:07  Protoss Ground Armor Level 1  
  135  10:15  Probe  
  135  10:19  Probe x2  
  135  10:20  Probe  
  145  10:23  Charge  
  145  10:27  Probe  
  145  10:31  Probe  
  146  10:39  Zealot x6  
  156  10:46  Pylon  
  156  10:47  Pylon  
  156  10:51  Warp Prism  
  156  10:53  Probe x3  
  156  10:55  Pylon  
  159  11:02  Templar Archives  
  161  11:08  Photon Cannon  
  161  11:13  Zealot x6  
  173  11:21  Psionic Storm  
  173  11:26  Pylon  
  173  11:28  Pylon  
  173  11:37  Pylon  
  173  11:40  High Templar x7  
  187  11:50  Photon Cannon  
  187  11:51  Photon Cannon  
  187  11:52  Shield Battery  
  187  11:56  Immortal  
  187  12:01  Protoss Ground Armor Level 2  
  191  12:03  Assimilator  
  191  12:06  Assimilator  
  191  12:13  Photon Cannon  
  191  12:16  Photon Cannon, High Templar x2  
  191  12:20  Archon  
  195  12:25  Gravitic Drive  
  195  12:30  Zealot x2, Pylon  
  195  12:35  Gateway x2  
  199  12:37  Gateway  
  199  12:39  Gateway  
  199  13:07  Nexus  
  199  13:08  Observer  
  200  13:19  Nexus  
  198  13:26  Zealot x4  
  198  13:27  Zealot x4  
  182  13:31  Colossus  
  158  13:48  Gravitic Boosters, High Templar x4  
  162  13:50  Zealot x8  
  178  13:57  Pylon, Dark Shrine  
  176  14:04  Pylon  
  172  14:16  Zealot x5, Stalker  
  172  14:17  Stalker x2  
  182  14:24  Warp Prism  
  184  14:39  Stalker x6  
  184  14:43  Archon  
  184  14:44  Archon  
  190  15:03  Stalker x6  
  190  15:04  Stalker x3  
Tags
 
Add a new tag
Caveats
  • Supply blocks, unpowered buildings, or Contaminate may cause inaccurate times.
  • Supply counts are checked every 10 seconds.